 Dungeon Crawl Stone Soup version 0.27.1-33-g824d729ab1 (webtiles) character file.

Game seed: 100826409834784279

5391 zeram the Blocker (level 10, -7/80 HPs)
             Began as a Hill Orc Fighter on Dec 13, 2021.
             Was an Initiate of Gozag.
             Killed by the air
             ... invoked by Gastronok
              (30 damage)
             ... on level 8 of the Dungeon.
             The game lasted 00:11:53 (7817 turns).

zeram the Blocker (Hill Orc Fighter)                Turns: 7817, Time: 00:11:54

Health: -7/80      AC: 15    Str: 23    XL:     10   Next: 66%
Magic:  10/10      EV:  9    Int:  8    God:    Gozag
Gold:   611        SH: 18    Dex: 10    Spells: 9/9 levels left

rFire    . . .     SeeInvis .   e - +9 dagger of Ukorivut {freeze, Stlth+}
rCold    . . .     Faith    .   c - +0 kite shield
rNeg     . . .     Spirit   .   b - +0 scale mail
rPois    .         Reflect  +   (no helmet)
rElec    .         Harm     .   (no cloak)
rCorr    .         Rampage  .   w - +2 pair of gloves
Will     .....                  t - +1 pair of boots
Stlth    +.........             m - amulet of reflection
HPRegen  0.23/turn              h - +4 ring of slaying
MPRegen  0.12/turn              (no ring)

@: no status effects
A: no striking features
a: Renounce Religion, Potion Petition, Call Merchant, Bribe Branch


You were on level 8 of the Dungeon.
You worshipped Gozag.
Gozag was pleased with you.
You visited 2 branches of the dungeon, and saw 9 of its levels.

You collected 895 gold pieces.
You spent 156 gold pieces at shops.
You paid 128 gold pieces to Gozag.

Inventory:

Hand Weapons
 a - a +0 spectral war axe
 e - the +9 dagger of Ukorivut (weapon) {freeze, Stlth+}
   (You took it off an orc on level 3 of the Dungeon)

   It freezes those it strikes, dealing additional cold damage.
   It can also slow down cold-blooded creatures.
   Stlth:     It makes you more stealthy.
 i - a +0 vampiric trident
Armour
 b - a +0 scale mail (worn)
 c - a +0 kite shield (worn)
 p - a +2 robe of positive energy
 t - a +1 pair of boots (worn)
 w - a +2 pair of gloves (worn)
Jewellery
 h - a +4 ring of slaying (left hand)
 m - an amulet of reflection (around neck)
 B - an amulet of regeneration
Wands
 o - a wand of iceblast (8)
 r - a wand of polymorph (9)
 u - a wand of flame (13)
 v - a wand of paralysis (14)
Scrolls
 j - 6 scrolls of noise
 k - 3 scrolls of immolation
 l - 2 scrolls of teleportation
 y - 2 scrolls of fear {unknown}
 C - 5 scrolls of amnesia {unknown}
 D - a scroll of summoning {unknown}
 E - 2 scrolls of silence {unknown}
 I - a scroll of enchant armour
Potions
 d - a potion of might
 f - 2 potions of attraction
 g - 4 potions of curing
 n - 2 potions of magic
 q - 4 potions of brilliance
 s - a potion of degeneration
 x - a potion of invisibility
 A - a potion of cancellation {unknown}
 F - a potion of lignification {unknown}
 G - 2 potions of mutation
 H - a potion of resistance {unknown}
 J - a potion of ambrosia {unknown}


   Skills:
 + Level 4.8 Fighting
 - Level 6.1 Axes
 + Level 11.3 Armour
 + Level 12.0 Shields


You had 9 spell levels left.
You didn't know any spells.
Your spell library contained the following spells:

 Spells                   Type           Power      Damage    Failure   Level
 Leda's Liquefaction      Hex/Erth       0%         N/A       100%        4
 Bolt of Magma            Conj/Fire/Erth 0%         4d4       100%        5
 Statue Form              Tmut/Erth      0%         N/A       100%        6


Dungeon Overview and Level Annotations

Branches:
Dungeon (8/15)             Temple (1/1) D:6            Lair (0/6) D:8

Altars:
Ashenzari
Cheibriados
Dithmenos
Elyvilon
Fedhas
Gozag
Hepliaklqana
Kikubaaqudgha
Makhleb
Nemelex Xobeh
Qazlal
Ru
Sif Muna
Trog
Uskayaw
Vehumet
Wu Jian
Xom
Zin
The Shining One
Beogh

Shops:
D:4 !   D:7 *

Annotations:
D:8 Gastronok


Message History

You freeze the bullfrog.
You kill the bullfrog!
Your Shields skill increases to level 12!
You now have 605 gold pieces (gained 5).
Found a scroll of identify.
There is a stone staircase leading down here.
A centaur zombie comes into view.
There is a stone staircase leading down here.
The centaur zombie hits you.
* * * LOW HITPOINT WARNING * * *
You block the centaur zombie's attack.
You puncture the centaur zombie!
The centaur zombie is moderately damaged.
You block the centaur zombie's attack. x2
You hit the centaur zombie.
The centaur zombie is heavily damaged.
The centaur zombie hits you but does no damage.
You block the centaur zombie's attack. x2
The centaur zombie kicks you but does no damage.
You hit the centaur zombie.
The centaur zombie is heavily damaged.
The centaur zombie barely misses you. You block the centaur zombie's attack.
You hit the centaur zombie.
The centaur zombie is severely damaged.
The centaur zombie hits you but does no damage.
The centaur zombie kicks you but does no damage.
You block the centaur zombie's attack. x2
You puncture the centaur zombie!
The centaur zombie is almost destroyed.
You block the centaur zombie's attack.
The centaur zombie kicks you but does no damage.
You puncture the centaur zombie!
You destroy the centaur zombie!
You now have 611 gold pieces (gained 6).
You start resting.
Gastronok is nearby!
Gastronok waves his eye-stalks in wide circles.
The air twists around and strikes you!!
You die...
Your body crumbles into a pile of gold.

# ###### ...
#....#####
.....####.......?.
.....Z...>#...####
.....####.........
... #.#...#### ### #
###.##.##
#.###########.#.##.#
#<.....@......#.##.#
$
#.......>....w..##.#
..################.#
..## #.# #.. #.# #..
#.# #.. #.# #.. #.#
#.#


You could see Gastronok.

Vanquished Creatures
  Pikel (D:5)
  Grinder (D:6)
  Sigmund (D:5)
  4 wyverns
  5 yaks (D:8)
  2 steam dragons (D:7)
  The ghost of osinmv the Magician, an amateur DjIE (D:3)
  5 water moccasins (D:8)
  An orc warrior (D:7)
  A sky beast (D:6)
  An ogre (D:6)
  A necrophage (D:6)
  3 ice beasts
  A centaur (D:6)
  3 phantoms
  A lemure (D:5)
  2 bullfrogs
  A gnoll sergeant (D:6)
  2 scorpions
  A water moccasin zombie (D:5)
  2 water moccasin skeletons
  5 killer bees (D:8)
  4 centaur zombies
  A jelly (D:7)
  An orc priest (D:7)
  2 hounds
  4 iguanas
  Jessica (D:3)
  3 bullfrog skeletons (D:6)
  Ijyb (D:3)
  2 orc wizards (D:6)
  12 gnolls
  4 adders
  2 shadow imps
  A white imp (D:7)
  An ufetubus (D:5)
  2 adder skeletons (D:4)
  2 worms (D:5)
  3 dart slugs
  28 orcs
  11 endoplasms
  2 giant cockroaches
  5 goblins
  6 hobgoblins
  4 jackals
  10 ball pythons
  6 bats
  6 frilled lizards
  4 kobolds
  5 rats
178 creatures vanquished.

Vanquished Creatures (others)
  2 fungi (D:8)
  5 plants (D:8)
  A withered plant (D:3)
8 creatures vanquished.

Grand Total: 186 creatures vanquished

Notes
Turn   | Place    | Note
-------+----------+-------------------------------------------
     0 | D:1      | zeram the Hill Orc Fighter began the quest for the Orb.
     0 | D:1      | Reached XP level 1. HP: 19/19 MP: 1/1
   360 | D:1      | Reached XP level 2. HP: 25/26 MP: 2/2
   822 | D:1      | Reached XP level 3. HP: 31/31 MP: 3/3
  1468 | D:3      | Found an ornate altar of the Wu Jian Council.
  1483 | D:3      | Reached skill level 4 in Shields
  1508 | D:3      | Noticed Jessica
  1526 | D:3      | Killed Jessica
  1527 | D:3      | Reached XP level 4. HP: 34/39 MP: 4/4
  1660 | D:3      | Found an ancient bone altar of Kikubaaqudgha.
  1775 | D:3      | Noticed Ijyb
  1780 | D:3      | Killed Ijyb
  1864 | D:3      | Reached XP level 5. HP: 45/45 MP: 5/5
  1900 | D:3      | Found a runed translucent gate.
  1900 | D:3      | Noticed osinmv's ghost (amateur DjIE)
  1916 | D:3      | Found a sparkling altar of Nemelex Xobeh.
  2202 | D:3      | Found a runed translucent gate.
  2203 | D:3      | Found a runed translucent gate.
  2206 | D:3      | Identified the +9 dagger of Ukorivut {freeze, Stlth+}
  2209 | D:3      | Found a roughly hewn altar of Beogh.
  2311 | D:3      | Killed osinmv's ghost
  2312 | D:3      | Reached XP level 6. HP: 50/51 MP: 6/6
  2468 | D:4      | Found a shadowy altar of Dithmenos.
  2633 | D:4      | Found a hide-covered altar of Uskayaw.
  2750 | D:4      | Reached skill level 5 in Armour
  2858 | D:4      | Found Giar's Distillery.
  2863 | D:4      | Bought a potion of invisibility for 96 gold pieces
  2863 | D:4      | Bought a potion of heal wounds for 60 gold pieces
  2935 | D:4      | Reached XP level 7. HP: 57/57 MP: 7/7
  2967 | D:4      | Reached skill level 5 in Shields
  3187 | D:5      | Entered Level 5 of the Dungeon
  3504 | D:5      | Found a white marble altar of Elyvilon.
  3623 | D:5      | Noticed Pikel
  3638 | D:5      | Killed Pikel
  3639 | D:5      | Reached skill level 6 in Shields
  3639 | D:5      | Reached XP level 8. HP: 39/64 MP: 8/8
  4085 | D:5      | Found a glowing silver altar of Zin.
  4093 | D:5      | Found a broken altar of Ashenzari.
  4246 | D:5      | Noticed Sigmund
  4271 | D:5      | Killed Sigmund
  4272 | D:5      | Reached skill level 7 in Shields
  4485 | D:6      | Found a staircase to the Ecumenical Temple.
  4514 | Temple   | Entered the Ecumenical Temple
  4665 | Temple   | Became a worshipper of Gozag Ym Sagoz the Greedy
  4779 | D:6      | Reached XP level 9. HP: 67/70 MP: 9/9
  4832 | D:6      | Found a bloodstained altar of Trog.
  4837 | D:6      | Found a radiant altar of Vehumet.
  4845 | D:6      | Reached skill level 8 in Shields
  4897 | D:6      | Noticed Grinder
  4914 | D:6      | Killed Grinder
  5040 | D:6      | Reached skill level 10 in Armour
  5215 | D:6      | Reached skill level 9 in Shields
  5898 | D:6      | Reached skill level 10 in Shields
  6782 | D:7      | Reached XP level 10. HP: 78/78 MP: 10/10
  6942 | D:7      | Found Jesuhuh's Assorted Antiques.
  7198 | D:7      | Found a shimmering altar of Xom.
  7662 | D:8      | Found a staircase to the Lair.
  7666 | D:8      | Noticed Gastronok
  7677 | D:8      | Reached skill level 11 in Shields
  7773 | D:8      | Reached skill level 12 in Shields
  7817 | D:8      | Killed from afar by Gastronok

Illustrated notes

Levels and vault maps discovered:
D:1:      tarquinn_simple_flora_water_c, layout_loops_cross, serial_park_tiny_2
D:2:      layout_basic, minmay_strange_pillars
D:3:      layout_loops_ring, kiku_gazebo_garden_becter,
          mainiacjoe_overflow_tiny_flanked, amcnicky_altar_gilded,
          biasface_ghost_orc_armoury, uniq_jessica, uniq_ijyb
D:4:      layout_basic, general_overflow_altar,
          mainiacjoe_overflow_concentric_impassable, serial_shops,
          kennysheep_little_box
D:5:      layout_basic, amethyst_overflow_temple_binary,
          mainiacjoe_overflow_six_doors_small, minmay_misc_feat_diagonals,
          minmay_liquid_box, uniq_pikel, uniq_sigmund
D:6:      layout_gridville, grunt_temple_overflow_open,
          minmay_temple_entry_statues, uniq_grinder
D:7:      layout_loops_corners, tgw_xom, serial_shops, nicolae_shop_waterfront
D:8:      layout_loops_ring, lemuel_zombie_altar_yredelemnul, okawaru_trees_1,
          minmay_lair_entry_grove, uniq_psyche, uniq_harold, uniq_gastronok
Temple:   nicolae_temple_figure_zero

Skill      XL: |  1  2  3  4  5  6  7  8  9 10 |
---------------+-------------------------------+-----
Axes           | 3 4 6 |  6.1
Armour         | 4 5 8 9 10 11 | 11.3
Shields        | 4 6 7 10 12 | 12.0
Fighting       | 4 |  4.8

Action                   |  1- 3 |  4- 6 |  7- 9 | 10-12 || total
-------------------------+-------+-------+-------+-------++-------
Melee: War axe           |    74 |    32 |       |       ||   106
       Dagger            |       |    36 |   247 |   109 ||   392
Evoke: Wand              |       |       |       |     1 ||     1
  Use: Scroll            |     2 |     6 |     4 |     1 ||    13
       Potion            |       |       |       |     2 ||     2
 Stab: Distracted        |       |       |       |     2 ||     2
Armor: Scale mail        |    33 |    21 |    96 |    38 ||   188
Dodge: Dodged            |    23 |    16 |    58 |    28 ||   125
Block: Kite shield       |    35 |    25 |   196 |    84 ||   340
       Reflection        |       |       |     3 |       ||     3
